 Dungeon Crawl Stone Soup version 0.15-a0-1206-g3bad1a6 (webtiles) character file.

497 MrVile the Insei (level 7, -8/32 HPs)
             Began as a Vine Stalker Necromancer on June 1, 2014.
             Was an Initiate of Dithmenos.
             Mangled by Prince Ribbit (10 damage)
             ... on Level 6 of the Dungeon.
             The game lasted 00:28:23 (4054 turns).

MrVile the Insei (Vine Stalker Necromancer)         Turns: 4054, Time: 00:28:23

HP  -8/32        AC  6     Str 10      XL: 7   Next: 16%
MP   0/14        EV  9     Int 15      God: Dithmenos [......]
Gold 222         SH  0     Dex 17      Spells:  2 memorised,  6 levels left

rFire  . . .     SeeInvis .       - Unarmed
rCold  . . .     Clarity  .     B - +0 ring mail
rNeg   . . .     rCorr    .     (no shield)
rPois  +         rRot     +     (no helmet)
rElec  .         Spirit   +     n - +0 cloak
SustAb .         Warding  .     (no gloves)
rMut   .         Stasis   .     (no boots)
Gourm  .                        (no amulet)
MR     +....                    q - ring of protection from magic
                                u - ring of poison resistance

@: very slightly contaminated, invisible, somewhat resistant to hostile
enchantments, unstealthy
A: fangs 2, regeneration 2, magic shield, antimagic bite, no device heal 3, rot
immunity
a: Renounce Religion


You were on level 6 of the Dungeon.
You worshipped Dithmenos.
Dithmenos was noncommittal.
You were not hungry.

You visited 1 branch of the dungeon, and saw 6 of its levels.

You collected 222 gold pieces.

Inventory:

Hand weapons
 y - a +2,+1 dagger of holy wrath
 H - a cursed -3,-1 short sword
Missiles
 g - 9 poisoned needles
 o - 8 javelins of penetration (quivered)
Armour
 a - a +0 robe
 m - an ice dragon hide
 n - a +0 cloak (worn)
 B - a +0 ring mail (worn)
Comestibles
 c - a bread ration
 f - 3 meat rations
 l - 2 slices of pizza
 E - a beef jerky
 F - a royal jelly
Scrolls
 e - 2 scrolls of remove curse
 j - a scroll of teleportation {unknown}
 r - a scroll of recharging {unknown}
 t - a scroll of enchant weapon II {unknown}
 v - 2 scrolls of immolation {unknown}
 w - a scroll of fear {unknown}
 x - a scroll of fog {unknown}
 G - a scroll of magic mapping {unknown}
Jewellery
 i - a +3 ring of strength
 q - a ring of protection from magic (right hand)
 u - a ring of poison resistance (left hand)
Potions
 d - a potion of might
 h - 4 potions of curing
 k - a potion of invisibility
 p - 3 potions of heal wounds
 s - a potion of restore abilities {unknown}
 z - a potion of agility {unknown}
 A - a potion of paralysis {unknown}
 C - a potion of magic {unknown}
 D - 2 potions of degeneration {unknown}
 I - a potion of poison {unknown}
Books
 b - a book of Necromancy

   Spells                             Type                      Level
   *Pain                              Necromancy                   1
   Animate Skeleton                   Necromancy                   1
   *Vampiric Draining                 Necromancy                   3
   Regeneration                       Charms/Necromancy            3
   Animate Dead                       Necromancy                   4
   Control Undead                     Necromancy                   4


   Skills:
 - Level 1.5 Dodging
 - Level 2.4 Stealth
 * Level 6.1 Unarmed Combat
 - Level 2.1 Spellcasting
 + Level 5.5 Necromancy


You had 6 spell levels left.
You knew the following spells:

 Your Spells              Type           Power        Failure   Level  Hunger
a - Pain                  Necr           ###.         4%          1    #......
b - Vampiric Draining     Necr           ###.......   14%         3    ####...


Dungeon Overview and Level Annotations

Branches:
Dungeon (6/15)
 Temple: D:4-7

Altars:
Dithmenos

Shops:
D:4 %

Annotations:
D:4 exclusion: player ghost
D:5 Bnni's ghost, experienced MfGl
D:6 Prince Ribbit


Innate Abilities, Weirdness & Mutations

You have extremely sharp teeth.
You heal very quickly.
When hurt, damage is shared between your health and your magic reserves.
Your bite disrupts and absorbs the magic of your enemies.
Potions and wands cannot restore your health.
You are immune to rotting.


Message History

Something hits you but does no damage.
You closely miss Prince Ribbit. Prince Ribbit hits you! Something hits you.
Something shocks you.
* * * LOW HITPOINT WARNING * * *
Prince Ribbit barely misses you.
You fade into invisibility!
Prince Ribbit closely misses you. Something hits you but does no damage.
You are very lightly contaminated with residual magic.
A sky beast appears from thin air!
Reactivating autopickup.
Prince Ribbit barely misses you.
There is a stone staircase leading down here.
Prince Ribbit hits you but does no damage.
Prince Ribbit hits you!
* * * LOW HITPOINT WARNING * * *
You climb downwards.
Found 26 bolts.
There is a stone staircase leading up here.
Prince Ribbit hits you!
You die...

########
#......#
#......#
#...@..#
+...F..+
#......#
#..(...#
#......#
#......#
##+#####


You could see Prince Ribbit.

Vanquished Creatures
  A phantom (D:5)
  A scorpion (D:4)
  2 orc priests
  A jelly (D:5)
  3 orc wizards (D:5)
  7 adders
  An orc skeleton (D:5)
  An inept feature mimic (D:3)
  2 worms (D:4)
  A giant mite (D:2)
  4 giant geckos
  8 orcs
  16 bats
  6 giant cockroaches
  6 hobgoblins
  2 oozes (D:3)
  4 quokkas
  A ball python (D:2)
  3 giant newts
  13 goblins
  A jackal skeleton (D:4)
  3 kobolds
  5 rats
92 creatures vanquished.

Notes
Turn   | Place    | Note
--------------------------------------------------------------
     0 | D:1      | MrVile, the Vine Stalker Necromancer, began the quest for the Orb.
     0 | D:1      | Reached XP level 1. HP: 9/9 MP: 3/3
   319 | D:1      | Reached skill level 1 in Unarmed Combat
   358 | D:1      | Reached XP level 2. HP: 10/13 MP: 3/5
  1041 | D:2      | Reached XP level 3. HP: 13/16 MP: 7/7
  1054 | D:2      | Learned a level 3 spell: Vampiric Draining
  1775 | D:3      | Reached XP level 4. HP: 7/21 MP: 4/8
  2323 | D:4      | Noticed Bnni's ghost (experienced MfGl)
  2338 | D:4      | Found Pifuonk's Food Emporium.
  2464 | D:4      | Reached XP level 5. HP: 13/24 MP: 11/11
  3404 | D:5      | Entered Level 5 of the Dungeon
  3431 | D:5      | Noticed Bnni's ghost (experienced MfGl)
  3451 | D:5      | Noticed a phantom
  3514 | D:5      | Found a shadowy altar of Dithmenos.
  3528 | D:5      | Gained mutation: You heal very quickly. [vine stalker growth]
  3528 | D:5      | Reached XP level 6. HP: 11/28 MP: 6/12
  3551 | D:5      | Reached skill level 5 in Unarmed Combat
  3551 | D:5      | Reached skill level 5 in Necromancy
  3556 | D:5      | Became a worshipper of Dithmenos the Shadowed
  3752 | D:5      | Killed a phantom
  3752 | D:5      | Reached XP level 7. HP: 24/32 MP: 11/14
  3964 | D:4      | Reached skill level 6 in Unarmed Combat
  4036 | D:5      | Noticed a sky beast
  4039 | D:5      | Noticed Prince Ribbit
  4052 | D:5      | HP: 1/32 [Prince Ribbit (7)]
  4054 | D:6      | Mangled by Prince Ribbit

Action                   |  1- 3 |  4- 6 |  7- 9 || total
-------------------------+-------+-------+-------++-------
Melee: Unarmed           |   150 |   195 |    32 ||   377
 Cast: Pain              |       |     7 |       ||     7
       Vampiric Draining |       |     1 |       ||     1
  Use: Scroll            |     5 |     1 |       ||     6
       Potion            |       |       |     1 ||     1
 Stab: Sleeping          |     5 |     3 |       ||     8
